AoeStats
← KaLong

MegaRandom

507924057Analyzed
4v4 RM · 13d ago on Sep 20, 2026· 57m 9s· 8 players
Game mode
Random Map
Map size
Large (8 player)
Population
200
Speed
Normal
Resources
Standard
Victory
Conquest
Starting age
Dark Age
Ending age
Imperial Age
RankedLock teamsTeams togetherTeam positionsShared explorationLock speedFull tech treeHidden civsTurbo modeCheats
Victory
Defeat
🇨🇳 Magyars · China
1547
+14
🇨🇳 Wu · China
1507
+15
🇨🇳 Spanish · China
1460
+17
🇭🇰 Mongols · Hong Kong SAR China
1453
+17
🇨🇳 Mongols · China
1524
-17
🇺🇸 Spanish · United States
1520
-17
1460
-15
🇺🇸 Huns · United States
1451
-14
上京皇族·耶律·GOOD
7:17 Loom
9:32 Feudal Age
10:24 Double-Bit Axe
16:02 Castle Age
16:05 Fishing Lines
17:24 Wheelbarrow
18:23 Bow Saw
19:18 Horse Collar
22:12 Gillnets
23:42 Crossbowman
25:42 Hand Cart
25:47 Gold Mining
26:37 Town Watch
27:02 Heavy Plow
30:31 Imperial Age
28:44 Stone Mining
29:30 Gold Shaft Mining
28:51 Fletching
29:03 Padded Archer Armor
28:50 Pikeman
29:34 Coiled Serpent Array
29:33 Bodkin Arrow
30:38 Arbalester
31:24 Thumb Ring
32:09 Guilds
32:28 Bracer
32:39 Forging
33:18 Ballistics
34:24 Conscription
34:52 Leather Archer Armor
35:16 Halberdier
36:38 Scale Mail Armor
38:10 Chain Mail Armor
39:55 Squires
40:27 Plate Mail Armor
41:10 Chemistry
40:16 Siege Engineers
40:23 Masonry
41:16 Two-Man Saw
40:24 Caravan
41:19 Fortified Wall
42:17 Ring Archer Armor
KaLong
10:59 Feudal Age
12:29 Loom
12:47 Double-Bit Axe
15:59 Castle Age
14:41 Fletching
15:00 Double-Bit Axe
16:58 Bow Saw
20:17 Horse Collar
20:59 Bodkin Arrow
21:04 Padded Archer Armor
21:41 Padded Archer Armor
23:49 Ballistics
26:29 Wheelbarrow
27:17 Gold Mining
27:04 Elite Skirmisher
30:09 Leather Archer Armor
39:19 Hand Cart
43:20 Imperial Age
41:33 Thumb Ring
41:45 Bloodlines
41:35 Husbandry
43:28 Pikeman
45:06 Bracer
46:20 Parthian Tactics
47:21 Light Cavalry
BomBomB0
11:06 Feudal Age
10:09 Loom
15:37 Castle Age
14:01 Double-Bit Axe
14:00 Horse Collar
17:01 Bow Saw
24:00 Husbandry
24:11 Bloodlines
25:43 Wheelbarrow
27:29 Town Watch
30:18 Hand Cart
34:31 Imperial Age
35:02 Gold Mining
35:02 Stone Mining
35:13 Heavy Plow
35:49 Pikeman
36:29 Squires
37:03 Halberdier
37:48 Scale Mail Armor
37:59 Forging
38:50 Two-Man Saw
38:27 Stone Shaft Mining
38:49 Chain Mail Armor
38:21 Arson
38:40 Capped Ram
41:46 Iron Casting
42:27 Plate Mail Armor
42:18 Conscription
44:53 Ballistics
46:11 Elite Conquistador
47:55 Coinage
48:00 Padded Archer Armor
49:01 Blast Furnace
49:11 Banking
48:51 Fletching
50:02 Chemistry
50:35 Leather Archer Armor
50:37 Caravan
51:17 Light Cavalry
52:58 Scale Barding Armor
53:24 Ring Archer Armor
56:00 Chain Barding Armor
58:09 Plate Barding Armor
57:30 Bodkin Arrow
我是你大飞哥
5:00 Loom
10:41 Feudal Age
11:15 Double-Bit Axe
17:15 Castle Age
15:46 Fishing Lines
18:41 Wheelbarrow
24:23 Ballistics
25:43 Stone Mining
26:03 Gillnets
27:06 Fletching
28:20 Bodkin Arrow
30:11 Bloodlines
30:01 Husbandry
30:06 Padded Archer Armor
30:25 Horse Collar
30:57 Masonry
34:17 Imperial Age
32:01 Nomads
32:39 Leather Archer Armor
33:49 Scale Barding Armor
34:39 Forging
34:57 Bracer
35:10 Thumb Ring
35:33 Parthian Tactics
36:13 Chemistry
36:09 Hand Cart
36:39 Elite Mangudai
40:21 Drill
40:21 Conscription
42:19 Conscription
43:29 Caravan
44:30 Light Cavalry
45:07 Capped Ram
46:13 Siege Ram
48:07 Hussar
53:21 Chain Barding Armor
53:36 Iron Casting
57:15 Blast Furnace
大平果是小菜鸡父亲
11:16 Feudal Age
13:07 Loom
16:17 Castle Age
14:09 Double-Bit Axe
15:26 Horse Collar
19:20 Heavy Plow
22:56 Wheelbarrow
22:16 Fletching
23:08 Gold Mining
23:21 Bodkin Arrow
26:38 Stone Mining
27:49 Padded Archer Armor
28:05 Town Watch
28:49 Bow Saw
29:42 Husbandry
30:34 Bloodlines
31:52 Leather Archer Armor
34:26 Imperial Age
33:28 Hand Cart
34:12 Nomads
34:19 Scale Barding Armor
37:20 Chemistry
38:04 Conscription
38:37 Ballistics
40:26 Bracer
41:06 Elite Mangudai
42:58 Thumb Ring
44:33 Capped Ram
47:36 Caravan
49:28 Elite Skirmisher
56:40 Siege Ram
不吃压力
4:28 Loom
12:20 Feudal Age
16:32 Castle Age
17:21 Wheelbarrow
16:46 Double-Bit Axe
16:58 Fishing Lines
21:47 Fletching
25:42 Gillnets
27:38 Bodkin Arrow
35:30 Imperial Age
33:29 Padded Archer Armor
34:15 Horse Collar
36:29 Scale Mail Armor
38:14 Chain Mail Armor
38:02 Squires
39:27 Plate Mail Armor
40:20 Forging
42:32 Conscription
41:35 Pikeman
45:02 Iron Casting
46:05 Elite Skirmisher
49:19 Bracer
50:22 Heavy Plow
50:34 Bow Saw
53:24 Scale Barding Armor
54:19 Blast Furnace
54:28 Leather Archer Armor
56:14 Chain Barding Armor
58:19 Plate Barding Armor
中药人
10:49 Feudal Age
11:35 Double-Bit Axe
15:40 Castle Age
14:22 Horse Collar
15:21 Gold Mining
17:01 Bow Saw
22:34 Husbandry
23:03 Loom
23:52 Bloodlines
24:52 Wheelbarrow
24:57 Heavy Plow
26:53 Gold Shaft Mining
26:20 Town Watch
27:23 Scale Barding Armor
32:53 Imperial Age
33:47 Hand Cart
32:53 Light Cavalry
32:58 Cavalier
34:23 Chain Barding Armor
34:07 Light Cavalry
36:46 Conscription
36:27 Hussar
38:23 Crop Rotation
40:19 Corvinian Army
47:20 Caravan
53:20 Paladin
55:30 Plate Barding Armor
56:48 Town Patrol
喜足天
8:39 Loom
11:46 Feudal Age
15:24 Castle Age
13:48 Double-Bit Axe
14:22 Horse Collar
20:13 Padded Archer Armor
21:24 Leather Archer Armor
22:29 Wheelbarrow
24:20 Bloodlines
24:11 Husbandry
26:30 Bow Saw
26:56 Heavy Plow
32:02 Imperial Age
30:11 Gold Mining
33:00 Hand Cart
32:37 Stone Mining
33:31 Conscription
34:00 Scale Barding Armor
34:06 Forging
35:08 Chain Barding Armor
35:10 Supremacy
35:53 Two-Man Saw
35:30 Stone Shaft Mining
34:53 Light Cavalry
36:39 Iron Casting
35:43 Hussar
37:57 Plate Barding Armor
39:24 Blast Furnace
38:39 Cavalier
47:52 Elite Skirmisher
48:37 Thumb Ring
48:23 Fletching
49:04 Ring Archer Armor
49:28 Caravan
50:14 Bodkin Arrow
50:59 Town Watch
53:32 Hoardings
53:43 Bracer
54:51 Chemistry
54:03 Masonry
57:17 Ballistics
57:28 Architecture
Connection lost

Rejoining the realm…

Still unreachable

The connection could not be restored.

Session expired

The server has moved on; the page needs a fresh start.